AoeStats
← Long John Silver

MegaRandom

507040156Analyzed
4v4 RM · 16d ago on Sep 16, 2026· 39m 22s· 8 players
Game mode
Random Map
Map size
Large (8 player)
Population
200
Speed
Normal
Resources
Standard
Victory
Conquest
Starting age
Dark Age
Ending age
Imperial Age
RankedLock teamsTeams togetherTeam positionsShared explorationLock speedFull tech treeHidden civsTurbo modeCheats
Victory
Defeat
🇺🇦 Bohemians · Ukraine
1558
+8
🇩🇪 Tatars · Germany
1471
+11
🇩🇪 Aztecs · Germany
1426
+13
🇩🇪 Berbers · Germany
1392
+14
🇨🇳 Turks · China
1432
-15
🇪🇸 Chinese · Spain
1379
-12
🇻🇳 Bengalis · Vietnam
1330
-10
🇭🇺 Vikings · Hungary
1303
-9
peah90
7:17 Loom
10:19 Feudal Age
12:41 Double-Bit Axe
15:21 Fletching
21:49 Horse Collar
25:23 Castle Age
23:46 Padded Archer Armor
25:25 Crossbowman
27:06 Bodkin Arrow
30:10 Leather Archer Armor
30:33 Elite Skirmisher
37:25 Ballistics
Bobo
10:28 Feudal Age
8:44 Loom
12:22 Double-Bit Axe
18:10 Castle Age
16:17 Fishing Lines
17:10 Scale Barding Armor
17:36 Bloodlines
17:37 Horse Collar
19:57 Husbandry
20:23 Scale Mail Armor
22:14 Chain Barding Armor
23:56 Forging
27:39 Wheelbarrow
28:09 Iron Casting
27:58 Scale Mail Armor
29:32 Bow Saw
29:23 Heavy Plow
30:09 Gold Mining
31:48 Gold Shaft Mining
31:05 Town Watch
32:49 Stone Mining
34:15 Hand Cart
39:27 Imperial Age
38:09 Stone Shaft Mining
37:25 Fletching
37:59 Ballistics
38:15 Light Cavalry
Ouch
10:26 Loom
12:58 Feudal Age
17:10 Castle Age
15:30 Horse Collar
16:26 Scale Barding Armor
16:10 Fishing Lines
17:44 Double-Bit Axe
19:42 Chain Barding Armor
19:46 Husbandry
24:54 Forging
29:20 Bow Saw
31:15 Wheelbarrow
33:58 Iron Casting
37:09 Imperial Age
34:40 Heavy Plow
35:26 Hand Cart
38:05 Chemistry
37:23 Capped Ram
37:26 Cavalier
Long John Silver
6:30 Loom
9:39 Feudal Age
9:43 Man-at-Arms
12:18 Arson
13:58 Fletching
18:34 Double-Bit Axe
18:30 Horse Collar
23:51 Castle Age
22:11 Gold Mining
24:36 Wheelbarrow
Aspirante
0:31 Loom
10:10 Feudal Age
10:56 Double-Bit Axe
11:16 Horse Collar
21:10 Castle Age
21:15 Bloodlines
21:17 Forging
21:13 Scale Barding Armor
hoot
11:14 Loom
13:36 Feudal Age
17:04 Scale Barding Armor
17:44 Wheelbarrow
18:57 Bloodlines
22:18 Castle Age
20:51 Forging
22:24 Fishing Lines
23:26 Fletching
23:29 Double-Bit Axe
23:31 Horse Collar
24:43 Husbandry
25:45 Bodkin Arrow
25:53 Gillnets
28:25 Padded Archer Armor
29:55 Thumb Ring
30:38 Ballistics
34:49 Leather Archer Armor
scurhun
7:44 Loom
11:25 Feudal Age
26:18 Castle Age
25:50 Double-Bit Axe
32:06 Pikeman
32:52 Horse Collar
35:45 Bow Saw
35:26 Gold Mining
36:34 Forging
36:40 Arson
37:28 Stone Mining
38:21 Iron Casting
ost.nostalgia
9:40 Loom
12:12 Feudal Age
12:38 Town Watch
12:43 Double-Bit Axe
12:44 Fishing Lines
17:30 Castle Age
16:57 Scale Barding Armor
17:26 Bloodlines
17:29 Forging
18:14 Husbandry
19:45 Horse Collar
25:55 Fletching
28:58 Bodkin Arrow
35:51 Wheelbarrow
36:08 Gold Mining
37:18 Padded Archer Armor
Connection lost

Rejoining the realm…

Still unreachable

The connection could not be restored.

Session expired

The server has moved on; the page needs a fresh start.